 Dungeon Crawl Stone Soup version 0.22-a0-423-g4197694 (webtiles) character file.

23800 emperorscorpion the Brawler (level 12, -7/110 HPs)
             Began as a Troll Berserker on May 24, 2018.
             Was a High Priest of Trog.
             Mangled by a vault guard
             ... wielding a +0 war axe
              (9 damage)
             ... on level 14 of the Dungeon.
             The game lasted 00:18:47 (7081 turns).

emperorscorpion the Brawler (Troll Berserker)       Turns: 7081, Time: 00:18:47

Health: -7/110     AC:  8    Str: 29    XL:     12   Next: 75%
Magic:  11/11      EV: 15    Int:  3    God:    Trog [*****.]
Gold:   536        SH: 12    Dex: 17    Spells: 11/11 levels left

rFire    . . .     SeeInvis .     - Unarmed
rCold    . . .     Gourm    +   c - +0 shield
rNeg     . . .     Faith    .   m - +0 steam dragon scales
rPois    +         Spirit   .   (helmet restricted)
rElec    .         Reflect  .   (no cloak)
rCorr    .         Harm     .   (gloves unavailable)
MR       .....     Clarity  +   (boots unavailable)
Stlth    ++........             f - amulet of the acrobat
HPRegen  0.68/turn              e - +5 ring of dexterity
MPRegen  0.12/turn              l - ring of poison resistance

@: berserk cooldown, slowed, very slow
A: large, unfitting armour, claws 3, blurry vision 1, clarity, fast metabolism
3, gourmand, regeneration 1, shaggy fur 1, tough skin 2, subdued magic 1
a: Berserk, Trog's Hand, Brothers in Arms, Renounce Religion


You were on level 14 of the Dungeon.
You worshipped Trog.
Trog was extremely pleased with you.
You were very full.

You visited 1 branch of the dungeon, and saw 14 of its levels.

You collected 708 gold pieces.
You spent 172 gold pieces at shops.

Inventory:

Hand Weapons
 i - a +0 blowgun
 z - the +3 flail of Huewoz {pain, *Contam rElec rC+ rN+ Str+2}
   (You found it on level 8 of the Dungeon)

   In the hands of one skilled in necromantic magic, it inflicts extra damage on
   living creatures.
   It affects your strength (+2).
   It protects you from cold.
   It insulates you from electricity.
   It protects you from negative energy.
   It causes magical contamination when unequipped.
Missiles
 h - 7 needles of frenzy
 j - 7 silver javelins
 C - 2 throwing nets
 D - 5 tomahawks
 I - 7 curare-tipped needles
 N - 5 large rocks (quivered)
 R - 35 poisoned needles
 U - 4 javelins of returning
 W - 6 javelins
Armour
 a - a +1 animal skin
 c - a +0 shield (worn)
 m - +0 steam dragon scales (worn)
 S - +0 acid dragon scales
Magical Staves
 n - an uncursed staff of wizardry
 x - an uncursed staff of air
Jewellery
 e - a +5 ring of dexterity (left claw)
 f - an amulet of the acrobat (around neck)
 l - a ring of poison resistance (right claw)
 w - a +3 ring of intelligence
 B - an uncursed ring of ice
 O - an uncursed ring of flight
Wands
 y - a wand of polymorph (14)
 E - a wand of enslavement (6)
 F - a wand of paralysis (17)
 G - a wand of iceblast (4)
Scrolls
 d - 5 scrolls of teleportation
 g - 9 scrolls of identify
 k - 4 scrolls of blinking
 o - 3 scrolls of magic mapping
 p - 2 scrolls of immolation
 q - 2 scrolls of noise
 r - a scroll of enchant weapon
 s - a scroll of enchant armour
 v - 2 scrolls of fog
 K - a scroll of brand weapon
 L - 3 scrolls of remove curse
 V - a scroll of fear
Potions
 t - a potion of heal wounds
 u - 4 potions of lignification
 A - 4 potions of mutation
 H - a potion of haste
 J - a potion of flight
 P - 3 potions of brilliance
 Q - a potion of ambrosia
 T - a potion of berserk rage
Miscellaneous
 M - a lightning rod (4/4)
 Y - a phial of floods
 Z - a phantom mirror
Comestibles
 b - 23 rations


   Skills:
 + Level 4.8 Fighting
 + Level 2.5 Throwing
 + Level 8.5 Dodging
 + Level 2.5 Stealth
 * Level 8.0 Shields
 + Level 15.0 Unarmed Combat


You had 11 spell levels left.
You didn't know any spells.
Your spell library contained the following spells:

 Spells                   Type           Power        Failure   Level  Hunger
 Lightning Bolt           Conj/Air       #.........   100%        5    ######.
 Shock                    Conj/Air       #...         54%         1    ##.....
 Swiftness                Chrm/Air       #.......     69%         2    ###....
 Airstrike                Air            #.........   100%        4    #####..
 Static Discharge         Conj/Air       #.......     89%         3    ####...


Dungeon Overview and Level Annotations

Branches:
Dungeon (14/15)            Temple (0/1) D:5             Orc (0/2) D:11
 Vaults (0/5) D:14
   Lair: D:8-11

Altars:
Fedhas
Okawaru
Sif Muna

Shops:
D:7 ??   D:12 =

Annotations:
D:11 Maurice


Innate Abilities, Weirdness & Mutations

You are too large for most types of armour.
You have claws for hands.
Your metabolism is lightning-fast.
You like to eat raw meat.
Your natural rate of healing is unusually fast.
You are covered in fur. (AC +1)
You have very tough skin. (AC +2)
Scrolls take you a little longer to read.
You possess an exceptional clarity of mind.
Your spells are a little easier to cast, but a little less powerful.


Message History

The vault guard is severely wounded.
The vault guard hits you with a war axe!!
You barely miss the vault guard.
The vault guard is severely wounded.
The vault guard hits you with a war axe!!
The vault guard blocks your attack.
The vault guard is severely wounded.
The vault guard hits you with a war axe!
You barely miss the vault guard.
The vault guard is severely wounded.
The vault guard hits you with a war axe!
* * * LOW HITPOINT WARNING * * *
You claw the vault guard!
The vault guard is almost dead.
The vault guard hits you with a war axe!!
* * * LOW HITPOINT WARNING * * *
The vault guard blocks your attack.
The vault guard is severely wounded.
The vault guard hits you with a war axe!
You die...

....# |...#########
.....(.#.....# .)...........(##
)))............# )..............#
...............# ####.p .(##
..............)####.....∩ >.#.
..............).@pp.# ....
...............###..# ..#.
#.............## #.(# ....
##.....#......## #..# .# ....
#######..###..###..# .# #..
###...###.##...# .# ..# #
##......##.##..## .# .# #
#####.##....##......####.## .####
#.#.##.#..#.......#.......#.###..


You could see 2 vault guards.

Vanquished Creatures
  Frances (D:13)
  4 vault guards (D:14)
  Erica (D:9)
  2 centaur warriors (D:13)
  3 two-headed ogres
  The ghost of incide the Fighter, a novice GnWn of Sif Muna (D:8)
  A deep troll earth mage (D:14)
  2 tengu warriors (D:14)
  Urug (D:14)
  An unseen horror (D:11)
  A hell knight (D:14)
  A wolf spider (D:14)
  A cyclops (D:14)
  An ugly thing (D:12)
  A manticore (D:13)
  A centaur skeleton (D:14)
  4 kobold demonologists
  A freezing wraith (D:12)
  A tengu conjurer (D:14)
  A troll (D:12)
  A slime creature (D:12)
  A hippogriff (D:8)
  A wraith (D:10)
  A basilisk (D:12)
  A hungry ghost (D:7)
  A yak (D:12)
  4 vampire mosquitoes (D:14)
  A steam dragon (D:7)
  Menkaure (D:7)
  An acid dragon (D:12)
  A soldier ant (D:12)
  A water moccasin (D:8)
  3 ice beasts
  3 sky beasts
  7 orc warriors
  2 black bears
  A necrophage (D:10)
  6 ogres
  3 phantoms
  10 centaurs
  6 big kobolds
  4 bullfrogs
  3 scorpions
  16 killer bees
  A howler monkey (D:12)
  4 crimson imps
  A centaur zombie (D:9)
  2 bullfrog zombies
  3 hounds
  5 jellies
  2 bullfrog skeletons
  8 orc priests
  3 iguanas
  9 orc wizards
  4 worker ants
  A killer bee zombie (D:7)
  A hound zombie (D:5)
  Robin (D:3)
  A howler monkey zombie (D:6)
  A worker ant zombie (D:11)
  A howler monkey skeleton (D:7)
  3 adders
  4 shadow imps
  3 adder skeletons
  A worm (D:2)
  3 dart slugs
  4 leopard geckos
  50 orcs
  4 bats
  A giant cockroach (D:6)
  13 goblins
  7 hobgoblins
  3 quokkas
  A ball python (D:2)
  A ball python skeleton (D:4)
  A jackal skeleton (D:5)
  26 kobolds
  A quokka skeleton (D:9)
  A rat (D:1)
  A bush (D:6)
285 creatures vanquished.

Vanquished Creatures (others)
  A swamp drake (D:11)
  An orc wizard (D:7)
  An orc (D:7)
3 creatures vanquished.

Grand Total: 288 creatures vanquished

Notes
Turn   | Place    | Note
-------+----------+-------------------------------------------
     0 | D:1      | emperorscorpion the Troll Berserker began the quest for the Orb.
     0 | D:1      | Reached XP level 1. HP: 22/22 MP: 0/0
   200 | D:1      | Reached XP level 2. HP: 18/29 MP: 1/1
   355 | D:2      | Reached XP level 3. HP: 36/36 MP: 2/2
   464 | D:3      | Noticed Robin
   474 | D:3      | Killed Robin
   474 | D:3      | Reached ** piety under Trog
   663 | D:5      | Entered Level 5 of the Dungeon
   669 | D:5      | Noticed a scorpion
   673 | D:5      | Reached skill level 4 in Unarmed Combat
   673 | D:5      | Reached XP level 4. HP: 39/44 MP: 3/3
   685 | D:5      | Reached XP level 5. HP: 34/53 MP: 4/4
   881 | D:5      | Found a staircase to the Ecumenical Temple.
   979 | D:6      | Found a blossoming altar of Fedhas.
   982 | D:6      | Noticed an orc warrior
   982 | D:6      | Noticed a centaur
   993 | D:6      | Killed an orc warrior
   993 | D:6      | Reached skill level 5 in Unarmed Combat
   993 | D:6      | Reached XP level 6. HP: 44/61 MP: 5/5
  1154 | D:6      | Noticed an ice beast
  1156 | D:6      | Reached skill level 6 in Unarmed Combat
  1156 | D:6      | Reached XP level 7. HP: 64/67 MP: 6/6
  1397 | D:6      | Reached skill level 7 in Unarmed Combat
  1414 | D:7      | Found Vekhlem's Magic Scroll Shoppe.
  1414 | D:7      | Noticed Menkaure
  1419 | D:7      | Killed Menkaure
  1442 | D:7      | Bought a scroll of identify for 24 gold pieces
  1442 | D:7      | Bought a scroll of identify for 24 gold pieces
  1442 | D:7      | Bought a scroll of immolation for 42 gold pieces
  1442 | D:7      | Bought a scroll of noise for 12 gold pieces
  1450 | D:7      | Found an iron altar of Okawaru.
  1450 | D:7      | Noticed a hungry ghost
  1455 | D:7      | Killed a hungry ghost
  1455 | D:7      | Reached *** piety under Trog
  1455 | D:7      | Reached XP level 8. HP: 75/75 MP: 7/7
  1460 | D:7      | Reached skill level 8 in Unarmed Combat
  1534 | D:7      | Reached skill level 5 in Dodging
  1781 | D:6      | Reached skill level 9 in Unarmed Combat
  2102 | D:7      | Gained mutation: Scrolls take you a little longer to read. [potion of mutation]
  2102 | D:7      | Gained mutation: Your spells are a little easier to cast, but a little less powerful. [potion of mutation]
  2102 | D:7      | Gained mutation: You possess an exceptional clarity of mind. [potion of mutation]
  2136 | D:7      | Reached skill level 1 in Stealth
  2140 | D:7      | Reached **** piety under Trog
  2140 | D:7      | Received a gift from Trog
  2140 | D:7      | Reached XP level 9. HP: 57/83 MP: 8/8
  2259 | D:7      | Reached skill level 1 in Shields
  2288 | D:7      | Reached skill level 10 in Unarmed Combat
  2408 | D:7      | Found Odwatoh's Magic Scroll Emporium.
  2416 | D:7      | Bought a scroll of teleportation for 42 gold pieces
  2416 | D:7      | Bought a scroll of fog for 28 gold pieces
  2650 | D:8      | Noticed incide's ghost (novice GnWn)
  2668 | D:8      | Killed incide's ghost
  2803 | D:8      | Reached skill level 11 in Unarmed Combat
  2893 | D:8      | Got a bone flail
  2894 | D:8      | Identified the +3 flail of Huewoz {pain, *Contam rElec rC+ rN+ Str+2} (You found it on level 8 of the Dungeon)
  3153 | D:9      | Reached XP level 10. HP: 92/92 MP: 9/9
  3370 | D:9      | Noticed Erica
  3378 | D:9      | Killed Erica
  3421 | D:9      | Noticed a two-headed ogre
  3427 | D:9      | Killed a two-headed ogre
  3427 | D:9      | Reached skill level 12 in Unarmed Combat
  3480 | D:9      | Reached ***** piety under Trog
  3568 | D:9      | Received a gift from Trog
  3669 | D:9      | Found a deep blue altar of Sif Muna.
  3828 | D:10     | Entered Level 10 of the Dungeon
  3926 | D:10     | Noticed a two-headed ogre
  3936 | D:10     | Killed a two-headed ogre
  4079 | D:11     | Killed an unseen horror
  4079 | D:11     | Reached XP level 11. HP: 65/100 MP: 10/10
  4263 | D:11     | Noticed Maurice
  4311 | D:11     | Found a staircase to the Orcish Mines.
  4318 | D:11     | Noticed a two-headed ogre
  4334 | D:11     | Reached skill level 13 in Unarmed Combat
  4341 | D:11     | Killed a two-headed ogre
  4341 | D:11     | Reached skill level 5 in Shields
  4888 | D:12     | Noticed a brown ugly thing
  4897 | D:12     | Killed a brown ugly thing
  5016 | D:12     | Received a gift from Trog
  5128 | D:12     | Found Omnixzoik's Jewellery Boutique.
  5673 | D:13     | Noticed a death knight
  5726 | D:13     | Noticed a centaur warrior
  5726 | D:13     | Noticed a centaur warrior
  5788 | D:13     | Noticed Frances
  5796 | D:13     | Killed Frances
  5796 | D:13     | Reached skill level 14 in Unarmed Combat
  5867 | D:13     | Killed a centaur warrior
  6198 | D:13     | Killed a centaur warrior
  6198 | D:13     | Reached XP level 12. HP: 72/109 MP: 11/11
  6458 | D:14     | Noticed a tengu warrior
  6462 | D:14     | Noticed Urug
  6463 | D:14     | Killed a tengu warrior
  6479 | D:14     | Killed Urug
  6641 | D:14     | Reached skill level 1 in Throwing
  6690 | D:14     | Noticed a deep troll earth mage
  6733 | D:14     | Killed a deep troll earth mage
  6929 | D:14     | Noticed a tengu warrior
  6941 | D:14     | Killed a tengu warrior
  7021 | D:14     | Found a gate to the Vaults.
  7021 | D:14     | Noticed a vault guard
  7021 | D:14     | Noticed a vault guard
  7021 | D:14     | Noticed a vault guard
  7021 | D:14     | Noticed a vault guard
  7036 | D:14     | Killed a vault guard
  7041 | D:14     | Noticed a vault guard
  7042 | D:14     | Noticed a vault guard
  7046 | D:14     | Noticed a vault guard
  7047 | D:14     | Killed a vault guard
  7054 | D:14     | Killed a vault guard
  7060 | D:14     | Killed a vault guard
  7060 | D:14     | Reached skill level 15 in Unarmed Combat
  7080 | D:14     | HP: 1/110 [vault guard/war axe (18)]
  7081 | D:14     | Mangled by a vault guard

Vault maps used:
D:1:      lightli_arrival_isolated_outpost
D:2:      overflow_temple_1_default, lemuel_round_altar,
          nicolae_overflow_crystal_walls
D:3:      lemuel_zombie_altar_kikubaaqudgha, first_ration, uniq_robin,
          uniq_jessica, uniq_terence, uniq_grinder
D:4:      kennysheep_ying_yang, kennysheep_mini, uniq_crazy_yiuf_cottage,
          uniq_sigmund
D:5:      overflow_temple_1_default, minmay_temple_entry_grid
D:6:      fedhas_bush_and_centaur_altar
D:7:      overflow_temple_1_default, amethyst_overflow_temple_binary,
          serial_shops, shop, nicolae_shop_statue_plus, grunt_decor_one_mirror,
          uniq_menkaure
D:8:      grunt_ogre_cave
D:9:      led_sif_pool, uniq_erica
D:10:     david_lair_shrubbed
D:11:     erik_orc_1, uniq_maurice
D:12:     serial_shops, shop, kennysheep_generic_room_4
D:13:     uniq_frances
D:14:     minmay_mutant_horseshoe, erik_vaults_2, nicolae_tso_carved_into_rock,
          uniq_urug

Skill      XL: |  1  2  3  4  5  6  7  8  9 10 11 12 |
---------------+-------------------------------------+-----
Dodging        | 3 4 5 6 7 8 |  8.5
Unarmed Combat | 4 5 6 7 9 11 12 14 15 | 15.0
Fighting       | 3 4 |  4.8
Stealth        | 1 2 |  2.5
Shields        | 3 4 6 8 |  8.0
Throwing       | 2 |  2.5

Action                   |  1- 3 |  4- 6 |  7- 9 | 10-12 || total
-------------------------+-------+-------+-------+-------++-------
Melee: Unarmed           |    63 |    64 |   262 |   495 ||   884
       Punch             |     1 |     2 |     4 |       ||     7
Throw: Large rock        |       |       |       |     8 ||     8
       Javelin           |       |       |       |     6 ||     6
Invok: Berserk           |     1 |       |     7 |    12 ||    20
Evoke: Wand              |       |       |       |     1 ||     1
  Use: Scroll            |       |       |    10 |     7 ||    17
       Potion            |       |       |     5 |     2 ||     7
 Stab: Sleeping          |       |       |       |     3 ||     3
       Confused          |       |       |       |     3 ||     3
  Eat: Chunk             |    13 |     4 |    25 |    47 ||    89
Armor: Animal skin       |    16 |    15 |    37 |       ||    68
       Steam dragon scal |       |       |    33 |    93 ||   126
Dodge: Dodged            |    39 |    37 |    98 |   279 ||   453
Block: Shield            |       |       |    73 |   250 ||   323

Table legend:
 A = Spawn XP
 B = Non-spawn XP
 C = Spawn XP percentage of total XP
 D = Spawn monster count
 E = Non-spawn monster count
 F = Spawn count percentage of total count
 G = Total turns spent on level
                    A         B        C        D         E        F      G
               +---------+---------+-------+---------+---------+-------+---------
         Total |       0 |   34001 |   0.0 |       0 |     286 |   0.0 |  7081
               +---------+---------+-------+---------+---------+-------+---------
           D:1 |       0 |      26 |   0.0 |       0 |      12 |   0.0 |   289
           D:2 |       0 |      19 |   0.0 |       0 |       9 |   0.0 |   175
           D:3 |       0 |      38 |   0.0 |       0 |      13 |   0.0 |   171
           D:4 |       0 |       1 |   0.0 |       0 |       1 |   0.0 |   131
           D:5 |       0 |     236 |   0.0 |       0 |       9 |   0.0 |   192
           D:6 |       0 |    1057 |   0.0 |       0 |      23 |   0.0 |   777
           D:7 |       0 |    1863 |   0.0 |       0 |      36 |   0.0 |   737
           D:8 |       0 |    2185 |   0.0 |       0 |      30 |   0.0 |   780
           D:9 |       0 |    2941 |   0.0 |       0 |      33 |   0.0 |   576
          D:10 |       0 |    1260 |   0.0 |       0 |       3 |   0.0 |   145
          D:11 |       0 |    3279 |   0.0 |       0 |      39 |   0.0 |   858
          D:12 |       0 |    4539 |   0.0 |       0 |      44 |   0.0 |  1290
          D:13 |       0 |    4935 |   0.0 |       0 |       7 |   0.0 |   223
          D:14 |       0 |   11622 |   0.0 |       0 |      27 |   0.0 |   737
               +---------+---------+-------+---------+---------+-------+---------
